 Dungeon Crawl Stone Soup version 0.16.0-5-g717f7e7 (webtiles) character file.

365 tizzy the Chopper (level 6, -1/47 HPs)
             Began as a Demonspawn Fighter on Mar 14, 2015.
             Slain by an ogre
             ... wielding a +0 giant club
              (13 damage)
             ... on level 4 of the Dungeon.
             The game lasted 00:05:43 (2979 turns).

tizzy the Chopper (Demonspawn Fighter)              Turns: 2979, Time: 00:05:43

Health: -1/47      AC:  7    Str: 18    XL:     6   Next: 40%
Magic:  6/6        EV:  9    Int:  9    God:
Gold:   188        SH:  9    Dex: 13    Spells: 0 memorised, 5 levels left

rFire  . . .     SeeInvis .     x - +0 blowgun
rCold  . . .     Clarity  .     b - +0 scale mail
rNeg   . . .     SustAb   .     c - +0 shield
rPois  .         Gourm    .     (helmet restricted)
rElec  .         Spirit   .     q - +0 cloak
rCorr  .         Warding  .     (no gloves)
rMut   .         Stasis   .     (no boots)
MR     .....                    (no amulet)
Stlth  ..........               (no ring)
                                l - ring of loudness (curse)

@: lethally poisoned (-1 -> -3), not resistant to hostile enchantments,
extremely unstealthy
A: horns 1, repulsion field 1, nightstalker 1
a: no special abilities


You were on level 4 of the Dungeon.
You were hungry.

You visited 1 branch of the dungeon, and saw 4 of its levels.

You collected 188 gold pieces.

Inventory:

Hand weapons
 a - a +1 war axe
 x - a +0 blowgun (weapon)
Missiles
 w - 10 poisoned needles (quivered)
Armour
 b - a +0 scale mail (worn)
 c - a +0 shield (worn)
 q - a +0 cloak (worn)
Jewellery
 l - a cursed ring of loudness (left hand)
Magical devices
 C - a wand of cold (8)
Scrolls
 f - 2 scrolls of identify
 j - 2 scrolls of amnesia {unknown}
 n - a scroll of recharging {unknown}
 p - a scroll of noise {unknown}
 t - 2 scrolls of immolation {unknown}
 u - a scroll of remove curse {unknown}
Potions
 e - a potion of might
 g - a potion of mutation
 i - a potion of agility {unknown}
 k - 2 potions of curing {unknown}
 m - a potion of magic {unknown}
 s - a potion of brilliance {unknown}
 v - a potion of experience {unknown}
 z - a potion of flight {unknown}
 B - a potion of cure mutation {unknown}
Comestibles
 d - 3 bread rations
 h - 3 meat rations
 o - a slice of pizza
 r - a royal jelly
 A - a chunk of flesh
 D - 2 fruits


   Skills:
 - Level 3.0 Fighting
 * Level 6.3 Axes
 - Level 2.6 Armour
 - Level 2.6 Shields


You had 5 spell levels left.
You didn't know any spells.

Dungeon Overview and Level Annotations

Branches:
Dungeon (4/15)
 Temple: D:4-7

Altars:
The Shining One


Innate Abilities, Weirdness & Mutations

You have a pair of small horns on your head.
You are surrounded by a mild repulsion field (EV +2).
You are slightly more attuned to the shadows.


Message History

Firing (i - inventory):
w - 12 poisoned needles (quivered)
Press: ? - help, Shift-Dir - straight line, f/p - ogre
Aim: an ogre, wielding a giant club (lightly wounded, poisoned)
You shoot a poisoned needle.
The poisoned needle closely misses the ogre.
You feel sick.
A goblin comes into view. It is wielding a dagger.
You feel sick.
The goblin shouts!
You feel sick.
You feel sick.
You feel sick.
Firing (i - inventory):
w - 11 poisoned needles (quivered)
Press: ? - help, Shift-Dir - straight line, f/p - ogre
Aim: an ogre, wielding a giant club (moderately wounded, poisoned)
You shoot a poisoned needle. The poisoned needle hits the ogre!
The ogre looks even sicker.
The ogre is moderately wounded.
The ogre hits you with a giant club!
You die...

#.......#
#.####
#.......# #.#
.#.##.......#
#.#
#....g...#####
#.####
.#.####.#
#..... .. #g#
###### #.#
.##########.#
.......@O(g.#
.############


You could see an ogre and a goblin.

Vanquished Creatures
  The ghost of Esekla the Conjurer, an average DrCj of Gozag (D:4)
  A hound (D:4)
  A worker ant (D:3)
  A hound skeleton (D:4)
  6 adders
  A gnoll (D:1)
  3 worms
  An adder skeleton (D:4)
  4 giant geckos
  An ooze (D:2)
  7 bats
  A bat skeleton (D:4)
  4 giant cockroaches
  12 hobgoblins
  4 jackals
  7 kobolds
  2 quokkas (D:3)
  A ball python (D:3)
  6 giant newts
  2 goblins (D:3)
  9 rats
75 creatures vanquished.

Notes
Turn   | Place    | Note
--------------------------------------------------------------
     0 | D:1      | tizzy, the Demonspawn Fighter, began the quest for the Orb.
     0 | D:1      | Reached XP level 1. HP: 18/18 MP: 1/1
   316 | D:1      | Gained mutation: You are slightly more attuned to the shadows. [demonic ancestry]
   316 | D:1      | Reached XP level 2. HP: 24/24 MP: 2/2
   881 | D:2      | Reached XP level 3. HP: 15/29 MP: 3/3
  1241 | D:2      | Found a glowing golden altar of the Shining One.
  1304 | D:2      | Reached XP level 4. HP: 32/35 MP: 4/4
  1323 | D:2      | Reached skill level 4 in Axes
  2120 | D:3      | Gained mutation: You are surrounded by a mild repulsion field (EV +2). [demonic ancestry]
  2120 | D:3      | Reached XP level 5. HP: 41/41 MP: 5/5
  2575 | D:4      | Reached skill level 5 in Axes
  2742 | D:4      | Noticed Esekla's ghost (average DrCj)
  2752 | D:4      | Killed Esekla's ghost
  2752 | D:4      | Reached skill level 6 in Axes
  2752 | D:4      | Gained mutation: You have a pair of small horns on your head. [demonic ancestry]
  2752 | D:4      | Reached XP level 6. HP: 40/47 MP: 6/6
  2979 | D:4      | Slain by an ogre

Action                   |  1- 3 |  4- 6 || total
-------------------------+-------+-------++-------
Melee: War axe           |   103 |   121 ||   224
 Fire: Blowgun           |       |     3 ||     3
  Use: Scroll            |     2 |     1 ||     3
  Eat: Chunk             |     1 |     5 ||     6
